 Dungeon Crawl Stone Soup version 0.25.1-1-g288607f5aa (webtiles) character file.

Game seed: 17811855178360440465

543558 Hyawatha the Warrior (level 26, -2/239 HPs)
             Began as a Hill Orc Monk on July 14, 2020.
             Was a High Priest of Okawaru.
             Slain by an Orb Guardian (18 damage)
             ... on level 5 of the Realm of Zot on July 20, 2020.
             The game lasted 16:12:32 (98218 turns).

Hyawatha the Warrior (Hill Orc Monk)               Turns: 98218, Time: 16:12:32

Health: -2/239     AC: 31    Str: 21    XL:     26   Next: 7%
Magic:  36/53      EV: 29    Int: 19    God:    Okawaru [*****.]
Gold:   6493       SH: 23    Dex: 27    Spells: 1/41 levels left

rFire    + + +     SeeInvis +   n - +9 long sword "Unoisinu" {vorpal, rN++ MP+9}
rCold    + . .     Gourm    .   S - +1 kite shield of Ennui {Int+4 Dex+4 SInv}
rNeg     + + +     Faith    .   Q - quicksilver dragon scales
rPois    +         Spirit   .   D - +2 helmet of Painted Mirth {Int+3 Dex+3}
rElec    +         Reflect  +   I - +3 cloak of Restlessness {rC+ rN+}
rCorr    .         Harm     .   J - +2 pair of gloves {Dex+3}
MR       ++...                  T - +1 pair of boots of Elyvilon's Benevolence {rPois Stlth+}
Stlth    +++++++...             R - amulet of reflection
HPRegen  0.49/turn              X - ring "Xosiec" {*Drain rPois rF+++ MP+9 Str-3}
MPRegen  0.33/turn              O - ring of Yriuj {rElec rPois rF++ Str+6 Int-4}

@: about to teleport, heroism, marked, slowed, very slow
A: clever 2, weak 1
}: 3/15 runes: barnacled, silver, gossamer
a: Heroism, Finesse, Renounce Religion


You were on level 5 of the Realm of Zot.
You worshipped Okawaru.
Okawaru was extremely pleased with you.
You were not hungry.

You visited 13 branches of the dungeon, and saw 55 of its levels.
You visited the Abyss 1 time.

You collected 11782 gold pieces.
You spent 5289 gold pieces at shops.

Inventory:

Hand Weapons
 h - the +0 war axe of Shrieking Terror {holy, rF++ MR+}
   (You found it on level 13 of the Dungeon)

   It has been blessed by the Shining One to cause great damage to the undead
   and demons.
   It greatly protects you from fire.
   It affects your resistance to hostile enchantments.
 n - the +9 long sword "Unoisinu" (weapon) {vorpal, rN++ MP+9}
   (You found it on level 2 of the Shoals)

   It inflicts extra damage upon your enemies.
   It greatly protects you from negative energy.
   It affects your magic capacity (+9).
 v - a +9 war axe of freezing
 w - a +5 war axe of flaming
Missiles
 a - 68 atropa-tipped darts
 b - 5 silver boomerangs
 j - 32 javelins
 s - 43 silver javelins (quivered)
 t - 10 curare-tipped darts
Armour
 D - the +2 helmet of Painted Mirth (worn) {Int+3 Dex+3}
   (You found it on level 3 of the Crypt)

   It affects your intelligence (+3).
   It affects your dexterity (+3).
 H - +9 shadow dragon scales
 I - the +3 cloak of Restlessness (worn) {rC+ rN+}
   (You bought it in a shop on level 4 of the Depths)

   It protects you from cold.
   It protects you from negative energy.
 J - a +2 pair of gloves of dexterity (worn)
 Q - quicksilver dragon scales (worn)
 S - the +1 kite shield of Ennui (worn) {Int+4 Dex+4 SInv}
   (You acquired it on level 1 of the Vaults)

   It affects your intelligence (+4).
   It affects your dexterity (+4).
   It lets you see invisible.
 T - the +1 pair of boots of Elyvilon's Benevolence (worn) {rPois Stlth+}
   (You found it on level 2 of the Shoals)

   It protects you from poison.
   It makes you more stealthy.
Jewellery
 g - the ring "Puzxeigo" {Ice Slay+5}
   (You acquired it on level 4 of the Vaults)

   [ring of ice]

   It enhances your ice magic.
   It affects your accuracy and damage with ranged weapons and melee attacks
   (+5).
   It makes you vulnerable to fire.
   It protects you from cold.
 B - the ring of Gishympo {rC+ MP+9 Dex+6}
   (You took it off a deep elf mage on level 4 of the Vaults)

   [ring of dexterity]

   It affects your dexterity (+6).
   It protects you from cold.
   It affects your magic capacity (+9).
 C - an uncursed ring of resist corrosion
 O - the ring of Yriuj (right hand) {rElec rPois rF++ Str+6 Int-4}
   (You bought it in a shop on level 3 of the Depths)

   [ring of strength]

   It affects your strength (+6).
   It affects your intelligence (-4).
   It greatly protects you from fire.
   It insulates you from electricity.
   It protects you from poison.
 R - an amulet of reflection (around neck)
 V - the ring "Vuqabidae" {rC+ rN+ Int+5 Slay-2}
   (You acquired it on level 2 of the Shoals)

   [ring of protection from cold]

   It affects your intelligence (+5).
   It affects your accuracy and damage with ranged weapons and melee attacks
   (-2).
   It protects you from cold.
   It protects you from negative energy.
 X - the ring "Xosiec" (left hand) {*Drain rPois rF+++ MP+9 Str-3}
   (You bought it in a shop on level 2 of the Orcish Mines)

   [ring of magical power]

   It affects your strength (-3).
   It renders you almost immune to fire.
   It protects you from poison.
   It affects your magic capacity (+9).
   It causes draining when unequipped.
Wands
 f - a wand of polymorph (34)
 i - a wand of clouds (8)
 r - a wand of disintegration (4)
 z - a wand of paralysis (30)
 E - a wand of iceblast (34)
Scrolls
 k - 3 scrolls of teleportation
 q - 5 scrolls of fog
 y - 9 scrolls of identify
 A - a scroll of silence
 F - 21 scrolls of remove curse
 K - a scroll of blinking
 P - 10 scrolls of fear
Potions
 e - 4 potions of stabbing
 l - 2 potions of might
 o - 3 potions of mutation
 p - a potion of invisibility
 G - a potion of resistance
 L - 8 potions of cancellation
 M - 15 potions of curing
 N - a potion of heal wounds
 Y - 5 potions of haste
 Z - 2 potions of flight
Miscellaneous
 U - the horn of Geryon
 W - a box of beasts
Comestibles
 c - 29 rations


   Skills:
 + Level 20.1(25.1) Fighting
   Level 9.3(16.8) Short Blades
 - Level 12.7(19.0) Long Blades
 - Level 16.0(21.0) Axes
   Level 0.1(14.1) Polearms
   Level 0.2(5.2) Staves
 * Level 11.1(16.1) Throwing
 - Level 12.0(17.0) Armour
 + Level 12.5(17.5) Dodging
 + Level 11.1(16.1) Stealth
 - Level 15.0(20.0) Shields
 + Level 8.3 Spellcasting
 + Level 7.1 Conjurations
 + Level 6.1 Hexes
 + Level 6.6 Charms
 + Level 7.2 Summonings
 * Level 5.2 Necromancy
 + Level 6.4 Translocations
 - Level 15.1 Fire Magic
 * Level 0.8 Ice Magic
 + Level 5.0 Earth Magic
 + Level 14.2 Invocations
 + Level 11.0 Evocations


You had one spell level left.
You knew the following spells:

 Your Spells              Type           Power        Failure   Level  Hunger
a - Apportation           Tloc           ####..       1%          1    None
b - Blink                 Tloc           N/A          1%          2    None
c - Call Imp              Summ           #####...     1%          2    None
d - Conjure Flame         Conj/Fire      ######..     1%          3    None
e - Stone Arrow           Conj/Erth      ####..       3%          3    None
f - Gell's Gravitas       Tloc           ####......   2%          3    None
g - Magic Dart            Conj           ####         1%          1    None
h - Teleport Other        Tloc           ####....     2%          3    None
i - Slow                  Hex            ####....     1%          2    None
j - Shroud of Golubria    Chrm/Tloc      ####..       1%          2    None
k - Spectral Weapon       Hex/Chrm       ####....     2%          3    None
l - Animate Skeleton      Necr           N/A          1%          1    None
m - Infusion              Chrm           ####         1%          1    None
n - Sandblast             Erth           ####..       1%          1    None
o - Summon Butterflies    Summ           #####...     1%          1    None
p - Portal Projectile     Hex/Tloc       ####..       2%          3    None
q - Dispel Undead         Necr           ####....     14%         4    ###....
r - Hailstorm             Conj/Ice       ###.....     24%         4    ###....

Your spell library contained the following spells:

 Spells                   Type           Power        Failure   Level  Hunger
 Corona                   Hex            ####...      1%          1    None
 Foxfire                  Conj/Fire      ####         1%          1    None
 Pain                     Necr           ####         1%          1    None
 Shock                    Conj/Air       ###.         2%          1    None
 Freeze                   Ice            ##..         9%          1    None
 Song of Slaying          Chrm           ####....     1%          2    None
 Sublimation of Blood     Necr           ####......   1%          2    None
 Inner Flame              Hex/Fire       #####...     1%          3    None
 Sticky Flame             Conj/Fire      ######..     1%          4    ###....
 Confusing Touch          Hex            ####....     2%          3    None
 Dazzling Flash           Conj/Hex       ####..       2%          3    None
 Lesser Beckoning         Tloc           ####......   2%          3    None
 Recall                   Summ/Tloc      N/A          2%          3    None
 Tukima's Dance           Hex            ####....     2%          3    None
 Fireball                 Conj/Fire      ######....   3%          5    #####..
 Ensorcelled Hibernation  Hex/Ice        ###...       4%          2    None
 Swiftness                Chrm/Air       ###.....     4%          2    None
 Ignite Poison            Fire/Tmut/Pois ####....     4%          3    None
 Vampiric Draining        Necr           ####......   4%          3    None
 Corpse Rot               Necr/Air       N/A          6%          2    None
 Passwall                 Tmut/Erth      ###.....     6%          2    None
 Ozocubu's Armour         Chrm/Ice       ###.....     8%          3    None
 Bolt of Magma            Conj/Fire/Erth #####.....   8%          5    #####..
 Static Discharge         Conj/Air       ###.....     9%          3    None
 Cause Fear               Hex            ####......   10%         4    ###....
 Leda's Liquefaction      Hex/Erth       ####......   12%         4    ###....
 Mephitic Cloud           Conj/Pois/Air  ###.....     14%         3    None
 Animate Dead             Necr           N/A          14%         4    ###....
 Starburst                Conj/Fire      ######....   19%         6    ######.
 Iskenderun's Battlesphe  Conj/Chrm      ####....     21%         5    #####..
 Summon Forest            Summ/Tloc      ####......   21%         5    #####..
 Summon Ice Beast         Ice/Summ       ###.....     22%         4    ###....
 Frozen Ramparts          Ice            ##....       26%         3    None
 Excruciating Wounds      Chrm/Necr      ####......   28%         5    #####..
 Agony                    Necr           ####....     36%         5    #####..
 Borgnjor's Vile Clutch   Necr/Erth      ####......   36%         5    #####..
 Petrify                  Tmut/Erth      ###.....     38%         4    ###....
 Lee's Rapid Deconstruct  Erth           ####......   38%         5    #####..
 Irradiate                Conj/Tmut      ###.......   61%         5    #####..
 Lightning Bolt           Conj/Air       ###.......   61%         5    #####..
 Metabolic Englaciation   Hex/Ice        ###.......   61%         5    #####..
 Yara's Violent Unravell  Hex/Tmut       ###.......   67%         5    #####..
 Airstrike                Air            #.........   75%         4    ###....
 Invisibility             Hex            ####....     82%         6    ######.
 Iron Shot                Conj/Erth      ####......   83%         6    ######.
 Death Channel            Necr           ####......   91%         6    ######.
 Alistair's Intoxication  Tmut/Pois      #.......     97%         5    #####..
 Conjure Ball Lightning   Conj/Air       ###.......   99%         6    ######.
 Simulacrum               Ice/Necr       ###.......   99%         6    ######.
 Malign Gateway           Summ/Tloc      ####......   99%         7    #######
 Orb of Destruction       Conj           ####......   99%         7    #######
 Spellforged Servitor     Conj/Summ      #####.....   99%         7    #######
 Summon Hydra             Summ           #####.....   99%         7    #######
 Eringya's Noxious Bog    Tmut/Pois      #.........   100%        6    ######.
 Hydra Form               Tmut           #.........   100%        6    ######.
 Statue Form              Tmut/Erth      ###......    100%        6    ######.
 Dragon Form              Tmut           #.........   100%        7    #######
 Shatter                  Erth           ####......   100%        9    #######


Dungeon Overview and Level Annotations

Branches:
Dungeon (15/15)            Temple (1/1) D:4            Lair (6/6) D:10
 Shoals (4/4) Lair:2       Spider (4/4) Lair:4        Slime (0/5) Lair:5
    Orc (2/2) D:9             Elf (3/3) Orc:2        Vaults (5/5) D:13
  Crypt (3/3) Vaults:3       Tomb (1/3) Crypt:3      Depths (5/5) D:15
   Hell (visited)             Zot (5/5) Depths:5
    Dis: Hell:1         Geh: Hell:1         Coc: Hell:1         Tar: Hell:1

Altars:
Ashenzari
Cheibriados
Dithmenos
Elyvilon
Fedhas
Gozag
Hepliaklqana
Kikubaaqudgha
Makhleb
Nemelex Xobeh
Okawaru
Qazlal
Ru
Sif Muna
Trog
Uskayaw
Vehumet
Wu Jian
Xom
Yredelemnul
Zin
The Shining One
Beogh
Jiyva

Shops:
Orc:2 *?(=   Elf:1 [   Shoals:3 %   Vaults:1 (   Vaults:5 :!   Depths:1 :
Depths:3 =   Depths:4 [

Portals:
Hell: Depths:1 Depths:2 Depths:3 Depths:4 Depths:5
Abyss: Depths:3 Depths:5
Pandemonium: Depths:3
Ziggurat: Depths:1

Annotations:
D:1 exclusion: downstairs
D:3 exclusion: downstairs
D:8 exclusion: 2 downstairs
D:10 Snorg
Lair:2 Gastronok
Lair:5 1 runed translucent door, Rupert
Elf:3 3 runed translucent doors
Crypt:2 exclusion: downstairs
Crypt:3 2 exclusions, Khufu
Depths:1 exclusion: downstairs
Depths:2 exclusion: downstairs
Depths:5 4 runed translucent doors
Zot:3 exclusion: upstairs
Zot:5 exclusion: upstairs


Innate Abilities, Weirdness & Mutations

Your mind is very acute. (Int +4)
You are weak. (Str -2)


Message History

The Orb Guardian barely misses you.
You riposte.
You slash the Orb Guardian!
The Orb Guardian is moderately wounded.
The Orb Guardian hits you but does no damage.
You block the Orb Guardian's attack.
An Orb Guardian comes into view.
You hear a loud "Zot"!
An Orb Guardian comes into view.
The tentacled monstrosity tentacle-slaps you!
* * * LOW HITPOINT WARNING * * *
You block the tentacled monstrosity's attack.
The tentacled monstrosity misses you.
The tentacled monstrosity completely misses you.
The golden dragon breathes fire at you. The bolt of fire misses you.
A red draconian comes into view. It is wielding a +0 morningstar.
The Orb Guardian hits you!!!
* * * LOW HITPOINT WARNING * * *
A green draconian comes into view. It is wielding a +0 trident.
The Orb Guardian hits you!!
You die...

▓▓▓▓.......,,,,,,****
▓▓...........,,,,,,,,*
▓▓............,,,,,,,,,
▓.....p.......,,,,,,,,,
▓.............,,^,,,,,,
▓▓§...........,,,,,,,,^
▓▓..yzzX.^...,,^,,,,,,
▓▓yX*XD.y..X,,,,,,,,,
▓▓..X@*(..d.d,,,,,,,,,
▓▓...D.8.^.d.^,,,,,,,,,
▓.............,,,,,,,,,
▓.............,,,,,,,,,
▓▓............,,,,,,,,,
▓▓...........,,,,,,,,*
▓▓..L.D.....,,,,,****
▓▓d...X##▓▓*********
**,.....,,,,,,,,,,,,,


You could see 2 orbs of fire, a Killer Klown, an electric golem, a shadow dragon
(berserk), 2 tentacled monstrosities, a golden dragon (catching breath), an
ancient lich, a storm dragon (berserk), a yellow draconian, a green draconian, a
red draconian, a white draconian, 2 death cobs, 4 Orb Guardians and 3 moths of
wrath.

Vanquished Creatures
  An ancient lich (Crypt:3)
  Saint Roka (Vaults:4)
  Xtahua (Vaults:3)
  Nikola (Lair:4)
  6 golden dragons
  Jory (Vaults:2)
  A bone dragon (Vaults:3)
  An electric golem (Zot:4)
  A shard shrike zombie (Crypt:1)
  5 tentacled monstrosities
  Jorgrun (D:12)
  An Orb Guardian (Zot:5)
  A quicksilver dragon (Vaults:5)
  Asterion (Depths:1)
  A titan (Depths:5)
  4 liches
  A tentacled starspawn (Abyss:2)
  4 sphinxes
  An ancient champion (Crypt:2)
  5 death cobs
  8 shadow dragons
  Kirke (Lair:6)
  6 storm dragons
  The ghost of Jaiteiro the Eclecticist, an adept DrCj of Vehumet (Shoals:2)
  5 tengu reavers
  Donald (Shoals:1)
  A revenant (Crypt:1)
  11 frost giants
  2 draconian scorchers (Zot:3)
  5 fire giants
  A draconian knight (Zot:1)
  A balrug (Depths:5)
  5 deep elf sorcerers
  20 vault wardens
  Aizul (Depths:1)
  An orc warlord (Orc:2)
  4 ghost moths
  A cacodemon (Depths:2)
  A draconian annihilator (Depths:5)
  17 ironheart preservers
  8 emperor scorpions
  3 draconian stormcallers
  2 curse skulls
  3 spriggan defenders
  2 draconian shifters
  7 ghouls
  6 reapers
  13 stone giants
  2 war gargoyles
  3 entropy weavers
  3 deep elf demonologists
  4 red draconians
  6 green draconians
  18 very ugly things
  Nessos (Lair:5)
  4 vampire knights
  A yellow draconian (Depths:5)
  9 black draconians
  2 deep elf annihilators
  3 purple draconians
  4 white draconians
  2 spark wasps (Depths:2)
  6 dire elephants (Lair:6)
  12 ettins
  14 fire dragons
  5 eidola
  A mummy priest (Crypt:3)
  A merfolk javelineer (Shoals:4)
  Josephine (Spider:1)
  3 jiangshi
  2 quicksilver dragon zombies
  2 deep elf high priests
  13 ogre magi
  A green death (Depths:3)
  6 deep elf death magi
  8 great orbs of eyes
  4 merfolk impalers
  Harold (D:9)
  11 ice dragons
  The ghost of Ceggepimu the Severer, a journeyman MiMo of Zin (D:11)
  20 yaktaur captains
  4 spriggan air magi
  2 hydras (Lair:6)
  A rakshasa (Depths:4)
  42 vault guards
  2 catoblepae
  A merfolk aquamancer (Shoals:4)
  6 centaur warriors
  A death knight (Crypt:1)
  An anaconda (Lair:6)
  6 deep troll shamans
  5 dancing weapons
  8 tengu warriors
  4 vampire magi
  50 two-headed ogres
  4 deep troll earth magi
  4 spriggan berserkers
  3 titan zombies
  3 hell hogs
  A shock serpent (shapeshifter) (Vaults:4)
  Urug (Lair:6)
  5 orc high priests
  A thrashing horror (Abyss:2)
  A hell knight (Depths:2)
  4 sun demons
  2 titan skeletons (Depths:3)
  2 soul eaters (Crypt:3)
  5 deep elf knights
  A wretched star (Abyss:2)
  A skeletal warrior (Crypt:2)
  5 shadow wraiths
  2 fire crabs (shapeshifter)
  A spark wasp zombie (Depths:4)
  25 deep trolls
  6 sea snakes
  An anaconda zombie (Crypt:3)
  A storm dragon skeleton (Depths:4)
  5 wizards
  A glowing orange brain (Depths:1)
  6 unseen horrors
  2 flayed ghosts
  A swamp dragon (shapeshifter) (Vaults:4)
  A sphinx zombie (Depths:4)
  6 deep elf archers
  14 ironbrand convokers
  A shadow demon (Abyss:2)
  11 harpies
  18 phantasmal warriors
  A gelid demonspawn (Depths:3)
  A harpy (shapeshifter) (Vaults:3)
  11 orc knights
  An anaconda skeleton (Crypt:2)
  24 orb spiders
  15 necromancers
  3 cyclopes
  A frost giant zombie (Crypt:3)
  An iron dragon zombie (Crypt:3)
  49 ugly things
  An iron dragon skeleton (Depths:2)
  6 orc sorcerers
  A wolf spider (shapeshifter) (Depths:1)
  A faun (Shoals:1)
  36 deep elf magi
  34 wolf spiders
  A sphinx skeleton (Crypt:2)
  7 manticores
  11 moths of wrath
  6 merfolk sirens
  8 black mambas
  2 water nymphs (Shoals:4)
  7 elephants
  A frost giant skeleton (Crypt:3)
  A spiny frog (shapeshifter) (Depths:1)
  14 vault sentinels
  A molten gargoyle (Depths:2)
  An ice statue (Lair:3)
  A stone giant skeleton (Crypt:3)
  2 spriggan skeletons
  An orange demon (Depths:3)
  5 torpor snails
  2 dire elephant zombies (Crypt:3)
  10 spiny frogs
  3 gargoyles
  4 kobold demonologists
  11 freezing wraiths
  24 demonic crawlers
  2 rime drakes
  4 komodo dragons
  82 yaktaurs
  A tengu conjurer (D:13)
  A red devil (Depths:3)
  A sea snake skeleton (Crypt:1)
  13 hellwings (Crypt:3)
  2 ice devils (Depths:2)
  A red draconian skeleton (Crypt:1)
  A harpy zombie (Crypt:3)
  A polar bear (shapeshifter) (Elf:1)
  2 wind drakes (Shoals:4)
  2 polar bears (Lair:2)
  2 queen bees (shapeshifter) (Vaults:1)
  8 trolls
  34 jumping spiders
  5 hornets
  16 slime creatures
  A harpy skeleton (Crypt:3)
  14 merfolk
  A hornet (shapeshifter) (Vaults:3)
  2 sphinx simulacra
  7 dream sheep
  15 blink frogs
  A tarantella zombie (Crypt:2)
  A slime creature (shapeshifter) (Vaults:4)
  A fire dragon zombie (Crypt:3)
  10 hippogriffs
  5 snapping turtles
  A bog body (Crypt:1)
  A hydra skeleton (Crypt:3)
  3 air elementals
  A human simulacrum (Vaults:2)
  An ushabti (Crypt:3)
  A redback (shapeshifter) (Vaults:4)
  34 tarantellas
  79 redbacks
  57 yaks
  A tarantella (shapeshifter) (D:15)
  An ice dragon skeleton (Crypt:1)
  A wyvern (D:11)
  A hog (shapeshifter) (Depths:3)
  13 water elementals
  2 shadows
  A fire dragon skeleton (Crypt:3)
  8 wraiths
  4 chaos spawn
  A fire elemental (Elf:2)
  2 hungry ghosts
  A golden eye (Depths:5)
  A hog (Lair:6)
  3 basilisks
  A steam dragon (Lair:3)
  3 vampire mosquitoes (D:15)
  4 large abominations
  A merfolk zombie (Crypt:2)
  A swamp worm (shapeshifter) (Depths:3)
  8 porcupines
  A spiny frog zombie (Crypt:3)
  10 wargs
  5 hell hounds (Abyss:2)
  The ghost of Skimidon the Chiller, an amateur VSIE (D:3)
  3 acid dragons
  15 water moccasins
  3 black bears
  A floating eye (shapeshifter) (Depths:5)
  A swamp drake (Orc:1)
  10 ice beasts
  57 orc warriors
  2 sky beasts (D:11)
  2 eyes of draining
  A spriggan simulacrum (Depths:2)
  13 boggarts
  A black bear (shapeshifter) (Depths:3)
  11 centaurs
  2 necrophages
  7 wolves
  43 ogres
  A snapping turtle skeleton (Crypt:3)
  A swamp dragon skeleton (Crypt:3)
  4 crocodiles
  7 big kobolds
  21 bullfrogs
  2 wyvern zombies
  An earth elemental (Elf:1)
  A water moccasin skeleton (D:5)
  A water moccasin zombie (Crypt:2)
  5 small abominations
  9 wyvern skeletons
  3 scorpions
  An orc simulacrum (Vaults:2)
  30 killer bees
  4 wights (D:10)
  An electric eel (Spider:4)
  3 howler monkeys
  2 bullfrog zombies
  9 crimson imps
  4 centaur zombies
  9 centaur skeletons
  6 hounds
  3 iron imps
  4 jellies
  4 quasits
  2 bullfrog skeletons
  A gnoll shaman (D:10)
  28 orc priests
  Jessica (D:2)
  Natasha (thrice) (D:3)
  2 iguanas
  27 orc wizards
  9 worker ants
  A killer bee zombie (D:7)
  A crocodile skeleton (Crypt:1)
  2 hound skeletons
  2 mummies (Tomb:1)
  Robin (D:4)
  19 gnolls
  12 adders
  4 shadow imps
  3 white imps
  An ufetubus (Abyss:2)
  An adder zombie (D:6)
  2 adder skeletons
  4 worms
  3 dart slugs
  7 leopard geckos
  116 orcs
  8 bats
  8 giant cockroaches
  17 goblins
  5 hobgoblins
  3 jackals (D:2)
  63 kobolds
  7 quokkas
  4 ball pythons
  2 frilled lizards (D:1)
  A jackal skeleton (D:5)
  A jackal zombie (D:6)
  A leopard gecko skeleton (D:9)
  8 rats
  2 fungi
  8 plants
  5 withered plants (Crypt:3)
2129 creatures vanquished.

Vanquished Creatures (collateral kills)
  Geryon (Hell)
  A quicksilver dragon (Zot:3)
  A very ugly thing (Depths:5)
  An ogre mage (Vaults:5)
  A vault guard (Vaults:4)
  2 yaks (Lair:4)
7 creatures vanquished.

Vanquished Creatures (others)
  A draconian knight (Zot:1)
  A yaktaur (Vaults:2)
  A tarantella (Spider:3)
  A boggart (Vaults:1)
  An ogre (Vaults:1)
  An orc priest (Orc:2)
  16 fungi
  31 plants
  12 spectral weapons
  10 starspawn tentacles (Abyss:2)
  24 withered plants (Crypt:3)
99 creatures vanquished.

Grand Total: 2235 creatures vanquished

Notes
Turn   | Place    | Note
-------+----------+-------------------------------------------
     0 | D:1      | Hyawatha the Hill Orc Monk began the quest for the Orb.
     0 | D:1      | Reached XP level 1. HP: 19/19 MP: 1/1
    91 | D:2      | Reached XP level 2. HP: 17/27 MP: 2/2
   350 | D:1      | Reached XP level 3. HP: 10/33 MP: 3/3
   884 | D:1      | Reached skill level 4 in Fighting
  1285 | D:2      | Noticed Jessica
  1486 | D:3      | Found a glowing golden altar of the Shining One.
  1579 | D:3      | Reached XP level 4. HP: 40/40 MP: 4/4
  1689 | D:2      | Killed Jessica
  1898 | D:2      | Reached skill level 5 in Axes
  2229 | D:2      | Reached skill level 1 in Throwing
  2330 | D:3      | Reached XP level 5. HP: 42/47 MP: 5/5
  2530 | D:3      | Found a faded altar of an unknown god.
  2608 | D:3      | Found a runed translucent gate.
  2609 | D:3      | Found a runed translucent gate.
  2610 | D:3      | Found a runed translucent gate.
  2611 | D:3      | Noticed Skimidon's ghost (amateur VSIE)
  2612 | D:3      | Noticed a big kobold
  2789 | D:3      | Noticed a water moccasin
  2805 | D:3      | Killed a water moccasin
  2805 | D:3      | Reached skill level 1 in Short Blades
  2805 | D:3      | Reached skill level 1 in Armour
  2805 | D:3      | Reached XP level 6. HP: 53/53 MP: 6/6
  2817 | D:3      | Reached skill level 1 in Evocations
  3477 | D:5      | Entered Level 5 of the Dungeon
  3488 | D:4      | Noticed Robin
  3605 | D:4      | Found a staircase to the Ecumenical Temple.
  3625 | Temple   | Entered the Ecumenical Temple
  3852 | D:4      | Killed Robin
  3862 | D:4      | Reached XP level 7. HP: 34/60 MP: 8/8
  4575 | D:4      | Found a hide-covered altar of Uskayaw.
  4575 | D:4      | Found a sacrificial altar of Ru.
  4576 | D:4      | Found a bloodstained altar of Trog.
  4661 | D:4      | Reached skill level 5 in Fighting
  5076 | D:5      | Found a shadowy altar of Dithmenos.
  5140 | D:5      | Found an iron altar of Okawaru.
  5150 | D:5      | Became a worshipper of Warmaster Okawaru
  5150 | D:5      | Reached * piety under Okawaru
  5150 | D:5      | Reached ** piety under Okawaru
  5878 | D:6      | Reached XP level 8. HP: 68/68 MP: 6/9
  5911 | D:6      | Found a shimmering altar of Xom.
  6467 | D:6      | Reached skill level 6 in Fighting
  6609 | D:6      | Reached skill level 1 in Shields
  6691 | D:6      | Found a sparkling altar of Nemelex Xobeh.
  6760 | D:6      | Found a glowing silver altar of Zin.
  6823 | D:5      | Found a shimmering blue altar of Sif Muna.
  7104 | D:8      | Found an opulent altar of Gozag.
  7289 | D:8      | Noticed Maggie
  7298 | D:8      | Noticed Maggie
  7298 | D:8      | Maggie changed into Maggie the wolf
  7306 | D:8      | Killed Maggie the wolf
  7364 | D:8      | Noticed a hippogriff
  7415 | D:8      | Noticed a two-headed ogre
  7685 | D:9      | Reached skill level 1 in Invocations
  7744 | D:9      | Reached *** piety under Okawaru
  7789 | D:10     | Entered Level 10 of the Dungeon
  7790 | D:10     | Noticed a hippogriff
  7886 | D:9      | Reached XP level 9. HP: 66/77 MP: 11/11
  7953 | D:10     | Noticed Harold
  8028 | D:9      | HP: 3/77 [Harold/+0 short sword (10)]
  8055 | D:9      | HP: 3/77 [worker ant (6)]
  8593 | D:8      | Found a white marble altar of Elyvilon.
  8755 | D:8      | Found a stormy altar of Qazlal.
  8944 | D:8      | Noticed Maurice
  8952 | D:8      | Noticed Maurice
  8952 | D:8      | Maurice changed into Maurice the black bear
  8965 | D:8      | Killed Maurice the black bear
  9453 | D:9      | Found a staircase to the Orcish Mines.
  9463 | Orc:1    | Entered Level 1 of the Orcish Mines
  9668 | Orc:2    | Entered Level 2 of the Orcish Mines
  9943 | D:9      | Reached skill level 7 in Fighting
 10050 | D:10     | Reached skill level 10 in Axes
 10050 | D:10     | Reached XP level 10. HP: 47/86 MP: 12/12
 10305 | D:10     | Got a glimmering flail
 10327 | D:11     | Noticed a two-headed ogre
 10338 | D:10     | Reached skill level 1 in Spellcasting
 10397 | D:10     | Reached **** piety under Okawaru
 10575 | D:10     | Found a staircase to the Lair.
 10582 | Lair:1   | Entered Level 1 of the Lair of Beasts
 10684 | Lair:2   | Noticed a black mamba
 11155 | Lair:3   | Noticed a black mamba
 11234 | Lair:3   | Killed a black mamba
 11234 | Lair:3   | Reached skill level 5 in Armour
 11586 | Lair:3   | Noticed a catoblepas
 11775 | Lair:4   | Noticed a spiny frog
 11784 | Lair:4   | Killed a spiny frog
 11784 | Lair:4   | Received a gift from Okawaru
 11915 | Lair:6   | Entered Level 6 of the Lair of Beasts
 11930 | Lair:5   | Found a runed translucent door.
 11931 | Lair:5   | Found a viscous altar of Jiyva.
 11933 | Lair:5   | Found a staircase to the Slime Pits.
 11933 | Lair:5   | Noticed an azure jelly
 11997 | Lair:5   | Noticed a torpor snail
 12058 | Lair:5   | Killed a torpor snail
 12058 | Lair:5   | Reached skill level 8 in Fighting
 12058 | Lair:5   | Reached XP level 11. HP: 74/94 MP: 14/14
 12311 | Lair:5   | Noticed Rupert
 12313 | Lair:5   | Paralysed by Rupert for 6 turns
 12371 | Lair:4   | Found a hole to the Spider Nest.
 12410 | Lair:4   | Received a gift from Okawaru
 13167 | Lair:2   | Reached skill level 5 in Invocations
 13222 | Lair:2   | Reached ***** piety under Okawaru
 13287 | Lair:2   | Reached skill level 5 in Evocations
 13339 | Lair:2   | Noticed Gastronok
 13376 | Lair:1   | Reached skill level 5 in Stealth
 13957 | Lair:1   | Identified the +7 flail of Division {elec, rC+ Dex+4} (You
                  | found it on level 10 of the Dungeon)
 14448 | Lair:2   | Noticed a seven-headed hydra
 14468 | Lair:2   | Reached skill level 9 in Fighting
 14468 | Lair:2   | Reached skill level 5 in Dodging
 14468 | Lair:2   | Reached XP level 12. HP: 77/104 MP: 16/16
 14778 | Lair:2   | Received a gift from Okawaru
 14925 | Lair:2   | Found a staircase to the Shoals.
 15268 | D:10     | Noticed a two-headed ogre
 15403 | D:10     | Noticed Snorg
 15698 | D:8      | Found an ornate altar of the Wu Jian Council.
 15964 | D:7      | Reached skill level 5 in Throwing
 17154 | D:3      | Killed Skimidon's ghost
 17243 | D:3      | Noticed Natasha
 17256 | D:3      | Killed Natasha
 17276 | D:3      | Noticed Natasha
 17285 | D:3      | Killed Natasha
 17395 | D:3      | Noticed Natasha
 17400 | D:3      | Killed Natasha
 17784 | D:9      | Received a gift from Okawaru
 18112 | D:9      | Killed Harold
 18252 | D:11     | Killed a two-headed ogre
 18417 | D:12     | Noticed Jorgrun
 18679 | D:12     | Found a burning altar of Makhleb.
 18811 | D:12     | Received a gift from Okawaru
 18954 | D:12     | Noticed a two-headed hydra
 19020 | D:12     | Noticed a two-headed ogre
 19049 | D:12     | Killed a two-headed ogre
 19049 | D:12     | Reached skill level 10 in Fighting
 19049 | D:12     | Reached XP level 13. HP: 41/113 MP: 15/18
 19447 | D:13     | Noticed a vault guard
 19447 | D:13     | Noticed a vault guard
 19447 | D:13     | Noticed a vault guard
 19453 | D:13     | Noticed a vault guard
 19465 | D:12     | Killed a vault guard
 19470 | D:12     | Reached skill level 15 in Axes
 19724 | D:13     | Noticed a vault guard
 19735 | D:12     | Killed a vault guard
 19752 | D:12     | Killed a vault guard
 20002 | D:13     | Killed a vault guard
 20011 | D:13     | Killed a vault guard
 20074 | D:13     | Found a gate to the Vaults.
 20076 | D:13     | Noticed a vault guard
 20079 | D:13     | Noticed a vault guard
 20101 | D:13     | Killed a vault guard
 20125 | D:13     | Killed a vault guard
 20132 | D:13     | Noticed a vault guard
 20216 | D:13     | Killed a vault guard
 20444 | D:13     | Received a gift from Okawaru
 20459 | D:13     | Reached ****** piety under Okawaru
 20725 | D:13     | Got a steaming war axe
 20726 | D:13     | Identified the cursed +0 war axe of Shrieking Terror {holy,
                  | rF++ MR+} (You found it on level 13 of the Dungeon)
 21139 | D:13     | Identified a scroll of acquirement
 21139 | D:13     | Acquired 2670 gold pieces
 21428 | Orc:2    | Reached skill level 11 in Fighting
 21430 | Orc:2    | Received a gift from Okawaru
 21896 | Orc:1    | Reached XP level 14. HP: 124/124 MP: 20/20
 22403 | Orc:1    | Learned a level 1 spell: Magic Dart
 22406 | Orc:1    | Learned a level 2 spell: Blink
 22409 | Orc:1    | Learned a level 2 spell: Call Imp
 22474 | Orc:1    | Learned a level 3 spell: Conjure Flame
 22871 | Orc:2    | Noticed an orc warlord
 22919 | Orc:2    | Killed an orc warlord
 22931 | Orc:2    | Reached skill level 1 in Summonings
 23268 | Orc:2    | Received a gift from Okawaru
 23368 | Orc:2    | Found a roughly hewn altar of Beogh.
 23377 | Orc:2    | Gained mutation: You tend to lose your temper in combat. [a
                  | neqoxec]
 23469 | Orc:2    | Received a gift from Okawaru
 23469 | Orc:2    | Reached skill level 12 in Fighting
 23469 | Orc:2    | Reached skill level 1 in Fire Magic
 23579 | Orc:2    | Found Macwiddo's Antique Weapon Boutique.
 23771 | Orc:2    | Found Oggedu's Jewellery Shop.
 23783 | Orc:2    | Reached skill level 1 in Conjurations
 23876 | Orc:2    | Bought a cursed -4 ring of evasion for 28 gold pieces
 23882 | Orc:2    | Bought an uncursed ring of positive energy for 280 gold
                  | pieces
 24072 | Orc:2    | Found Zasiper's Magic Scroll Boutique.
 24360 | Orc:2    | Found a staircase to the Elven Halls.
 24365 | Elf:1    | Entered Level 1 of the Elven Halls
 24400 | Elf:1    | Got a pitted rapier
 24490 | Orc:2    | Reached skill level 1 in Translocations
 24750 | Orc:2    | Received a gift from Okawaru
 24883 | Orc:2    | Found Xymug's Assorted Antiques.
 24929 | Orc:2    | Found a roughly hewn altar of Beogh.
 24954 | Orc:2    | Bought a scroll of identify for 20 gold pieces
 24954 | Orc:2    | Bought a scroll of identify for 20 gold pieces
 24956 | Orc:2    | Identified the +6 rapier of Ukhlaetum {vorpal, rElec rF-
                  | rC+ Str+7} (You found it on level 1 of the Elven Halls)
 24961 | Orc:2    | Bought a scroll of teleportation for 30 gold pieces
 24961 | Orc:2    | Bought a scroll of remove curse for 30 gold pieces
 25021 | Orc:2    | Bought a purple potion for 27 gold pieces
 25356 | Orc:2    | Bought the ring "Xosiec" {*Drain rPois rF+++ MP+9 Str-3}
                  | for 760 gold pieces
 25373 | Orc:2    | Lost mutation: You tend to lose your temper in combat.
                  | [potion of mutation]
 25373 | Orc:2    | Gained mutation: Your mind is acute. (Int +2) [potion of
                  | mutation]
 25373 | Orc:2    | Gained mutation: Your mind is very acute. (Int +4) [potion
                  | of mutation]
 26309 | Spider:1 | Entered Level 1 of the Spider Nest
 26309 | Spider:1 | Noticed Nikola
 26310 | Spider:1 | Noticed an entropy weaver
 26416 | Lair:5   | Noticed Nessos
 26464 | Lair:5   | Killed Nessos
 26536 | Lair:5   | Got a fine dagger
 26537 | Lair:5   | Identified the +5 dagger of the Four Mystics {vorpal,
                  | *Drain rN+ MR+} (You found it on level 5 of the Lair of
                  | Beasts)
 26714 | Lair:5   | Reached XP level 15. HP: 101/134 MP: 21/21
 27020 | Lair:6   | Reached skill level 13 in Fighting
 27053 | Lair:6   | Noticed Kirke
 27157 | Lair:6   | Noticed a sphinx
 27159 | Lair:6   | Killed Kirke
 27380 | Lair:6   | Noticed Urug
 28052 | Lair:6   | Received a gift from Okawaru
 28229 | Lair:6   | Got an encrusted trident
 28743 | Lair:6   | Killed Urug
 29866 | D:11     | Identified the +4 trident "Efifyuno" {flame, Str+5 Int+4
                  | Dex-5} (You found it on level 6 of the Lair of Beasts)
 29974 | D:11     | Found a transporter.
 29986 | D:11     | You fall into a shaft and drop 1 floor!
 30023 | D:11     | Noticed Ceggepimu's ghost (journeyman MiMo)
 30024 | D:11     | Found a transporter.
 30144 | D:11     | Killed Ceggepimu's ghost
 30450 | D:15     | Entered Level 15 of the Dungeon
 30590 | D:15     | Received a gift from Okawaru
 31111 | D:14     | Reached skill level 14 in Fighting
 31192 | D:14     | Received a gift from Okawaru
 31329 | D:14     | Reached XP level 16. HP: 146/146 MP: 23/23
 31393 | D:14     | Got a polished plate armour
 32178 | D:12     | Killed Jorgrun
 33179 | Elf:1    | Found Teuvixi's Antique Armour Shoppe.
 33192 | Elf:1    | Bought a faintly humming cloak for 237 gold pieces
 33589 | Elf:2    | Identified the +1 cloak "Ixinayfi" {rN+} (You bought it in
                  | a shop on level 1 of the Elven Halls)
 33619 | Elf:3    | Entered Level 3 of the Elven Halls
 34251 | Elf:3    | Found a runed translucent gate.
 34251 | Elf:3    | Found a runed translucent gate.
 34251 | Elf:3    | Noticed a tentacled monstrosity
 34252 | Elf:3    | Found a runed translucent gate.
 34252 | Elf:3    | Noticed a tentacled monstrosity
 34324 | Elf:2    | Received a gift from Okawaru
 34666 | Elf:2    | Received a gift from Okawaru
 34666 | Elf:2    | Reached skill level 10 in Invocations
 34671 | Elf:2    | Got a twisted hand crossbow {god gift}
 34701 | Orc:2    | Identified the +8 hand crossbow "Pefekhyr" {speed, rElec
                  | rPois MR- Dex+6} (Okawaru gifted it to you on level 2 of
                  | the Elven Halls)
 35052 | Shoals:1 | Entered Level 1 of the Shoals
 35063 | Shoals:2 | Found a transporter.
 35069 | Shoals:2 | Noticed Jaiteiro's ghost (adept DrCj)
 35104 | Shoals:2 | Found a transporter.
 35168 | Shoals:3 | Identified the cursed +1 plate armour of the Vacuum {rPois
                  | MR+ Int-4} (You found it on level 14 of the Dungeon)
 35247 | Shoals:3 | Found Simofops's Food Shop.
 35400 | Shoals:4 | Entered Level 4 of the Shoals
 35501 | Shoals:2 | Killed Jaiteiro's ghost
 35501 | Shoals:2 | Reached skill level 10 in Armour
 35638 | Shoals:2 | Got a pair of faintly humming boots
 35648 | Shoals:2 | Acquired the ring "Vuqabidae" {rC+ rN+ Int+5 Slay-2}
 35660 | Shoals:2 | Identified the +1 pair of boots of Elyvilon's Benevolence
                  | {rPois Stlth+} (You found it on level 2 of the Shoals)
 35681 | Shoals:2 | Got a dazzling long sword
 35682 | Shoals:2 | Identified the +9 long sword "Unoisinu" {vorpal, rN++ MP+9}
                  | (You found it on level 2 of the Shoals)
 35982 | Shoals:4 | Reached skill level 15 in Fighting
 36930 | Shoals:4 | Identified the +10 spear of Fodumo {freeze, *Contam rPois
                  | rN+++ MP+9}
 37346 | Shoals:4 | Received a gift from Okawaru
 37825 | Shoals:4 | Got a barnacled rune of Zot
 37887 | Shoals:1 | Noticed Donald
 37906 | Shoals:1 | Killed Donald
 37906 | Shoals:1 | Reached skill level 1 in Long Blades
 38042 | Shoals:1 | Reached XP level 17. HP: 155/156 MP: 24/24
 38955 | Lair:4   | Learned a level 3 spell: Stone Arrow
 38959 | Lair:4   | Learned a level 3 spell: Gell's Gravitas
 39003 | Lair:4   | Killed Nikola
 39310 | Lair:4   | Reached skill level 1 in Earth Magic
 40143 | Spider:1 | Reached skill level 5 in Summonings
 40432 | Spider:1 | Received a gift from Okawaru
 41810 | Spider:3 | Received a gift from Okawaru
 41813 | Spider:3 | Got a brightly glowing cloak {god gift}
 41868 | Spider:3 | Identified the +2 cloak of Yesterday {rPois Dex-5 Slay+2}
                  | (Okawaru gifted it to you on level 3 of the Spider Nest)
 42249 | Spider:4 | Entered Level 4 of the Spider Nest
 42467 | Spider:3 | Got a twisted hunting sling
 42471 | Spider:3 | Identified the +9 hunting sling of Miupp {venom, Dex+2}
                  | (You found it on level 3 of the Spider Nest)
 44092 | Spider:3 | Reached XP level 18. HP: 166/166 MP: 26/26
 44201 | Spider:4 | Reached skill level 5 in Spellcasting
 45178 | Spider:4 | Received a gift from Okawaru
 45181 | Spider:4 | Got an iridescent hand axe {god gift}
 45269 | Spider:4 | Identified the +8 hand axe "Qehig Udoa" {pain, MR+ Dex+2}
                  | (Okawaru gifted it to you on level 4 of the Spider Nest)
 45295 | Spider:4 | Reached skill level 5 in Fire Magic
 47437 | Spider:4 | Got a gossamer rune of Zot
 47768 | Spider:4 | Reached skill level 16 in Fighting
 48851 | Spider:4 | Reached skill level 5 in Conjurations
 49189 | Spider:1 | Noticed Josephine
 49201 | Spider:1 | Killed Josephine
 49201 | Spider:1 | Received a gift from Okawaru
 49497 | Vaults:1 | Entered Level 1 of the Vaults
 49506 | Vaults:1 | Acquired the +1 kite shield of Ennui {Int+4 Dex+4 SInv}
 49537 | Vaults:1 | Acquired a manual of Fire Magic
 50249 | Vaults:3 | Reached skill level 5 in Short Blades
 50262 | Vaults:3 | Noticed a lich
 50269 | Vaults:3 | Received a gift from Okawaru
 50269 | Vaults:3 | Cast into level 2 of the Abyss (a deep elf demonologist)
 50818 | Vaults:3 | Escaped the Abyss
 50850 | Vaults:3 | Killed a lich
 50971 | Vaults:3 | Reached XP level 19. HP: 147/173 MP: 27/27
 51107 | Vaults:3 | Noticed Xtahua
 51119 | Vaults:2 | Reached skill level 10 in Evocations
 51131 | Vaults:2 | Noticed Jory
 51194 | Vaults:2 | Killed Jory
 51194 | Vaults:2 | Reached skill level 10 in Dodging
 52016 | Vaults:3 | Killed Xtahua
 52272 | Vaults:3 | Noticed a bone dragon
 52367 | Vaults:3 | Killed a bone dragon
 52367 | Vaults:3 | Reached skill level 10 in Throwing
 52379 | Vaults:3 | Found a staircase to the Crypt.
 52387 | Crypt:1  | Entered Level 1 of the Crypt
 52559 | Vaults:2 | Received a gift from Okawaru
 53086 | Vaults:4 | Reached skill level 5 in Earth Magic
 53522 | Vaults:4 | Learned a level 4 spell: Dispel Undead
 53868 | Vaults:4 | Received a gift from Okawaru
 53868 | Vaults:4 | Reached skill level 17 in Fighting
 54117 | Vaults:4 | Received a gift from Okawaru
 54220 | Vaults:4 | Reached skill level 5 in Shields
 54220 | Vaults:4 | Reached skill level 1 in Necromancy
 54317 | Vaults:4 | Reached XP level 20. HP: 81/184 MP: 29/29
 54321 | Vaults:4 | Received a gift from Okawaru
 54591 | Vaults:4 | Reached skill level 10 in Stealth
 55061 | Vaults:4 | Reached skill level 5 in Long Blades
 55305 | Vaults:4 | Paralysed by an ogre mage for 4 turns
 57112 | Vaults:1 | Found Hokh's Antique Weapon Boutique.
 57135 | Vaults:1 | Received a gift from Okawaru
 57468 | Vaults:1 | You fall into a shaft and drop 1 floor!
 57654 | Vaults:2 | Received a gift from Okawaru
 57868 | Vaults:2 | Identified the Papyrus of Blistering Translocation
 57874 | Vaults:2 | Learned a level 3 spell: Teleport Other
 58242 | Vaults:1 | Received a gift from Okawaru
 59885 | Vaults:1 | Reached XP level 21. HP: 193/193 MP: 30/30
 59966 | Vaults:1 | Learned a level 2 spell: Slow
 60495 | D:15     | Found a staircase to the Depths.
 60635 | Depths:1 | Entered Level 1 of the Depths
 60663 | Depths:1 | Found Juifry's Book Shop.
 60699 | Depths:1 | Received a gift from Okawaru
 60727 | Depths:1 | Bought a book of Battle for 680 gold pieces
 60727 | Depths:1 | Bought a book of Flames for 595 gold pieces
 60730 | Depths:1 | Learned a level 2 spell: Shroud of Golubria
 60734 | Depths:1 | Learned a level 3 spell: Spectral Weapon
 60739 | Depths:1 | Learned a level 4 spell: Sticky Flame
 60837 | Depths:1 | Noticed Aizul
 61258 | Depths:1 | Noticed Asterion
 61543 | Depths:1 | Found a gateway to Hell.
 61554 | Hell     | Entered the Vestibule of Hell
 61554 | Hell     | Noticed Geryon
 61604 | Hell     | Killed Geryon
 61604 | Hell     | Reached skill level 10 in Fire Magic
 62283 | Depths:1 | Killed Aizul
 62283 | Depths:1 | Reached skill level 1 in Charms
 62462 | Depths:2 | Reached skill level 1 in Hexes
 63373 | Depths:1 | Got a shimmering chain mail
 63374 | Depths:1 | Identified the cursed +1 chain mail of the Tanner {rElec
                  | rPois} (You found it on level 1 of the Depths)
 63392 | Depths:1 | Found a gateway to a ziggurat.
 63680 | Depths:1 | Killed Asterion
 63680 | Depths:1 | Reached skill level 18 in Fighting
 65374 | Depths:2 | Received a gift from Okawaru
 66445 | Depths:2 | Gained mutation: You are weak. (Str -2) [a cacodemon]
 68287 | Depths:3 | Received a gift from Okawaru
 68842 | Depths:3 | Found a one-way gate leading to the halls of Pandemonium.
 68942 | Depths:3 | Reached XP level 22. HP: 202/202 MP: 32/32
 68993 | Depths:5 | Entered Level 5 of the Depths
 69405 | Depths:4 | Found Poomm's Antique Armour Emporium.
 69415 | Depths:4 | Bought a scorched cloak for 446 gold pieces
 69416 | Depths:4 | Identified the +3 cloak of Restlessness {rC+ rN+} (You
                  | bought it in a shop on level 4 of the Depths)
 70000 | Depths:5 | Got a buzzing cloak
 70004 | Depths:5 | Identified the +1 cloak of Uskayaw's Generosity {rN+ Dex+4}
                  | (You found it on level 5 of the Depths)
 70458 | Depths:5 | Found a one-way gate to the infinite horrors of the Abyss.
 70508 | Depths:5 | Reached skill level 10 in Shields
 70844 | Depths:5 | Found a runed translucent door.
 70895 | Depths:5 | Found a runed translucent door.
 71547 | Depths:5 | Found a runed translucent door.
 72097 | Depths:5 | Found a runed translucent door.
 72104 | Depths:5 | Found a runed translucent door.
 72106 | Depths:5 | Noticed a golden dragon
 72219 | Depths:5 | Found a runed translucent door.
 73271 | Depths:5 | Killed a golden dragon
 73271 | Depths:5 | Received a gift from Okawaru
 73489 | Depths:5 | Learned a level 5 spell: Fireball
 73495 | Depths:5 | Found a gate to the Realm of Zot.
 74750 | Depths:4 | Reached skill level 5 in Hexes
 76231 | Depths:3 | Got a brightly glowing plate armour {god gift}
 76232 | Depths:3 | Identified the +0 plate armour "Paleoch" {*Contam rPois rF-
                  | rN+++} (Okawaru gifted it to you on level 3 of the Depths)
 77094 | Depths:3 | Found Opsuz's Jewellery Shop.
 77102 | Depths:3 | Bought a cursed -4 ring of protection for 34 gold pieces
 77281 | Depths:3 | Reached XP level 23. HP: 190/211 MP: 33/33
 77389 | Depths:3 | Received a gift from Okawaru
 78424 | Crypt:2  | Received a gift from Okawaru
 78439 | Crypt:3  | Entered Level 3 of the Crypt
 78445 | Crypt:3  | Noticed a greater mummy
 78448 | Crypt:3  | Noticed a greater mummy
 78449 | Crypt:3  | Noticed Khufu
 78449 | Crypt:3  | Noticed a greater mummy
 79571 | Crypt:2  | Upgraded the game from 0.25.0-46-gbd7b0854d2 to
                  | 0.25.1-1-g288607f5aa
 80919 | Crypt:3  | Received a gift from Okawaru
 80938 | Crypt:3  | Found an ancient bone altar of Kikubaaqudgha.
 81051 | Crypt:3  | Reached skill level 5 in Charms
 81111 | Crypt:3  | Noticed an ancient lich
 81122 | Crypt:3  | Received a gift from Okawaru
 82938 | Crypt:3  | Killed an ancient lich
 83272 | Crypt:3  | Learned a level 1 spell: Infusion
 83274 | Crypt:3  | Learned a level 1 spell: Sandblast
 83277 | Crypt:3  | Got a pitted helmet
 83278 | Crypt:3  | Identified the +2 helmet of Painted Mirth {Int+3 Dex+3}
                  | (You found it on level 3 of the Crypt)
 83698 | Crypt:3  | Found a staircase to the Tomb.
 84129 | Tomb:1   | Entered Level 1 of the Tomb of the Ancients
 86198 | Vaults:5 | Entered Level 5 of the Vaults
 86391 | Vaults:4 | Reached skill level 19 in Fighting
 86434 | Vaults:4 | Reached XP level 24. HP: 114/221 MP: 33/33
 86891 | Vaults:4 | Identified the ring of Gishympo {rC+ MP+9 Dex+6}
 86892 | Vaults:4 | Identified the +3 arbalest "Bytugief" {venom, rF+ rN++}
 86907 | Vaults:4 | Identified the +7 kite shield "Qesekueno" {rPois SInv}
 87052 | Vaults:4 | Received a gift from Okawaru
 87368 | Vaults:4 | Learned a level 1 spell: Apportation
 87502 | Vaults:4 | Learned a level 1 spell: Summon Butterflies
 87597 | Vaults:4 | Received a gift from Okawaru
 87933 | Vaults:5 | Noticed Saint Roka
 87939 | Vaults:5 | Reached skill level 10 in Long Blades
 88509 | Vaults:5 | Received a gift from Okawaru
 88793 | Vaults:4 | Received a gift from Okawaru
 88817 | Vaults:4 | Received a gift from Okawaru
 88974 | Vaults:4 | Received a gift from Okawaru
 89734 | Vaults:4 | Killed Saint Roka
 90089 | Vaults:5 | Identified the cursed +0 great sword of the Valley {speed,
                  | rPois Stlth+}
 90094 | Vaults:4 | Received a gift from Okawaru
 90497 | Vaults:5 | Paralysed by a hornet for 2 turns
 90506 | Vaults:5 | Reached skill level 15 in Shields
 90508 | Vaults:5 | Reached skill level 5 in Translocations
 90695 | Vaults:4 | Acquired the ring "Puzxeigo" {Ice Slay+5}
 90725 | Vaults:5 | Found Wamomays's Book Shoppe.
 90774 | Vaults:5 | Reached XP level 25. HP: 228/228 MP: 34/34
 90815 | Vaults:5 | Acquired a +1 pair of gloves of dexterity
 90973 | Vaults:5 | Received a gift from Okawaru
 90987 | Vaults:5 | Got a jewelled long sword {god gift}
 90988 | Vaults:5 | Identified the +9 long sword "Fuakosch" {freeze, +Rage}
                  | (Okawaru gifted it to you on level 5 of the Vaults)
 91136 | Vaults:5 | Identified the +5 plate armour "Jasomyrr" {rPois MR+ Str-3}
                  | (You found it on level 5 of the Vaults)
 91139 | Vaults:5 | Identified the +5 arbalest of Cagiug {speed, rPois rC-
                  | Int-4 Stlth+}
 91213 | Vaults:5 | Identified the Disquisition on Arcane Weapons and Stones
 91241 | Vaults:5 | Reached skill level 15 in Fire Magic
 91583 | Vaults:5 | Identified the +5 arbalest "Worm" {flame, rC- MR+ Int+4}
 91613 | Vaults:5 | Identified the +2 robe of an ossuary {rF+}
 91822 | Vaults:5 | Identified the cursed ring "Xoloh" {rElec Str-4}
 92216 | Vaults:5 | Got a silver rune of Zot
 92424 | Vaults:5 | Found Rihokkunn's Distillery.
 92432 | Vaults:5 | Bought a potion of heal wounds for 115 gold pieces
 92432 | Vaults:5 | Bought 2 potions of heal wounds for 230 gold pieces
 92432 | Vaults:5 | Bought a potion of curing for 69 gold pieces
 92432 | Vaults:5 | Bought a potion of haste for 230 gold pieces
 93074 | Vaults:3 | Received a gift from Okawaru
 93543 | Vaults:2 | Learned a level 3 spell: Portal Projectile
 93583 | Vaults:2 | Learned a level 4 spell: Dispel Undead
 94010 | Zot:1    | Entered Level 1 of the Realm of Zot
 95151 | Depths:3 | Bought the ring of Yriuj {rElec rPois rF++ Str+6 Int-4} for
                  | 1458 gold pieces
 96419 | Zot:2    | Learned a level 1 spell: Animate Skeleton
 96682 | Zot:3    | Reached skill level 20 in Fighting
 97397 | Zot:3    | Received a gift from Okawaru
 97874 | Zot:4    | Learned a level 4 spell: Hailstorm
 97891 | Zot:4    | Reached skill level 5 in Necromancy
 97891 | Zot:4    | Reached XP level 26. HP: 208/239 MP: 35/35
 98069 | Zot:5    | Entered Level 5 of the Realm of Zot
 98216 | Zot:5    | Noticed an orb of fire
 98216 | Zot:5    | Noticed an orb of fire
 98216 | Zot:5    | Noticed a Killer Klown
 98217 | Zot:5    | Noticed an ancient lich
 98218 | Zot:5    | Slain by an Orb Guardian

Illustrated notes

Levels and vault maps discovered:
D:1:      wheals_arrival_shading, layout_basic
D:2:      layout_basic, first_ration, glass_columns_c, uniq_jessica
D:3:      layout_basic, old_standard_altar, gammafunk_ghost_nasty_kobolds,
          chequers_ecumenical_altar_simple_redux, uniq_natasha
D:4:      layout_basic, gammafunk_temple_overflow_claw,
          minmay_temple_entry_waves, minmay_misc_feat_hallway, uniq_robin
D:5:      minmay_goblin_kobold_castle, layout_basic, okawaru_ov_weapons_minmay,
          grunt_dithmenos_smoke_and_mirrors, led_sif_pool
D:6:      layout_basic, zin_scriptorium, lemuel_crystal_altar,
          old_standard_altar, gup_sewer_entry_spiral
D:7:      layout_rooms
D:8:      layout_gridville, nicolae_gozag_cash_rules_everything_around_me,
          old_standard_altar, lemuel_crystal_altar, lemuel_round_altar,
          bh_walls_and_bars, uniq_maggie, uniq_maurice
D:9:      layout_long_grid, david_orc_1_choice
D:10:     layout_roguey, erik_lair_orcish_takeover, enter_bailey_7, uniq_snorg,
          uniq_harold
D:11:     layout_big_octagon, gammafunk_ghost_smash
D:12:     layout_basic, basic_altar, hangedman_ranch [blue_anna_fruit_fields],
          hangedman_decor_lopped, grunt_ministairs_1,
          onia_ninara_dug_in_and_dangerous, uniq_jorgrun
D:13:     layout_long_grid, erik_vaults_2
D:14:     layout_roguey, corexii_corridor_pit
D:15:     grunt_enter_depths_hoard, layout_small_grid, serial_co_window_serial,
          co_window_cross_1, co_window_corner_a, co_window_paths_a,
          co_window_corner_a, co_window_of_opportunity_a, co_window_paths_a,
          co_window_paths_a, co_window_corner_ca, co_window_2corner,
          co_window_of_opportunity_c, glass_columns_c, glass_columns_c,
          glass_columns_a, glass_columns_a, corexii_leaking_fountain
Temple:   jpeg_temple_island
Lair:1:   layout_roguey
Lair:2:   layout_regular_city, minmay_shoals_entry_centaurs,
          serial_bayou_pond_a, uniq_gastronok
Lair:3:   layout_layer_cave, ice2_lemuel, infiniplex_staircase_pool
Lair:4:   layout_long_grid, spider_nest_entry_web_field, grunt_megastairs_5
Lair:5:   beast_lair_carwin_large_2, layout_loops_ring, slime_altar_2,
          chequers_serial_rivers_micro_d, uniq_rupert, uniq_nessos
Lair:6:   due_jungle_book, layout_small_grid, grunt_megastairs_2, uniq_kirke,
          uniq_urug
Shoals:1: layout_shoals, uniq_donald
Shoals:2: layout_shoals, gammafunk_ghost_berserking_beasts, serial_shops, shop,
          st_cyclops
Shoals:3: layout_shoals, serial_shops, shop
Shoals:4: shoals_end_simple, layout_shoals, serial_shops, bzr_entry_customers
Spider:1: cheibrodos_spider_silkery, uniq_josephine, uniq_nikola
Spider:2: layout_spider_delve, portal_ice_cave_entry_pillars_2
Spider:3: layout_chambers
Spider:4: grunt_spider_rune_circles, drop_trap, nicolae_crawler_farm
Orc:1:    layout_caves, hangedman_minor_magic
Orc:2:    pubby_orc_utopia
Elf:1:    minmay_the_grid_triangle_9x9_recursive_2
          [minmay_the_grid_triangle_9x9_prize_special,
          minmay_the_grid_triangle_9x9_limited_checkers,
          minmay_the_grid_triangle_9x9_swiss_cheese,
          minmay_the_grid_triangle_9x9_skeleton], layout_loops_cross,
          serial_shops, nicolae_shop_crystal, solitary_fountain, drop_trap,
          minmay_misc_feat_rows, minmay_misc_feat_ornament, grunt_ministairs_9
Elf:2:    layout_loops_cross, grunt_ministairs_15, evilmike_minifort
Elf:3:    minmay_elf_hall_dome, layout_geoelf_grid,
          ploomutoo_gammafunk_ghost_potion_laboratory
Vaults:1: vaults_dpeg_spiral, hangedman_vaults_unwind, v_misc_15,
          nicolae_vaults_little_squares_1, grunt_vaults_twisty,
          vaults_dpeg_encased_lava, nicolae_vaults_little_squares_6,
          nicolae_vaults_border_crossing, nicolae_vaults_gold_heap,
          layout_vaults_chaotic_city, serial_shops, shop
Vaults:2: vaults_room_hangedman_quadrants, hangedman_vaults_river_flow,
          ontoclasm_vaults_pinch, nicolae_vaults_three_branches,
          nicolae_vaults_little_squares_4, v_pattern_4,
          nicolae_vaults_big_angled_halls, nicolae_vaults_little_squares_2,
          v_misc_12, v_misc_12, layout_vaults_omnicross, uniq_jory
Vaults:3: nicolae_vaults_alarming, minmay_crypt_entry_nasty_monster,
          nicolae_vaults_know_your_exits, nicolae_vaults_what_the_h, v_misc_30,
          serial_ice_g, hangedman_vaults_snaps, hangedman_vaults_impose,
          layout_vaults_omnigrid, mu_enter_wizlab_3, uniq_xtahua
Vaults:4: hangedman_vaults_trim, st_greater_box_4, nicolae_vaults_theta,
          v_misc_1, nicolae_vaults_diagonal_hallway_7,
          hangedman_vaults_restitches, hangedman_vaults_slither, v_pattern_2,
          nicolae_vaults_twisting_passages, v_misc_13,
          nicolae_vaults_little_squares_6, vaults_dpeg_hooks,
          layout_vaults_omnibox
Vaults:5: uniq_saint_roka
Crypt:1:  layout_rooms, basic_altar, grunt_ministairs_12
Crypt:2:  layout_chaotic_city, grunt_ministairs_15
Crypt:3:  evilmike_haunted_forest, uniq_khufu
Tomb:1
Depths:1: layout_cave_pools, enter_ziggurat_b, grunt_hell_entry_dis_mu,
          kennysheep_small_circle, uniq_aizul, uniq_asterion
Depths:2: hangedman_six_sided_sadism, layout_basic, hell_entry,
          chequers_big_river, kennysheep_just_a_vault
Depths:3: pf_snail_temple, layout_basic, hell_entry, abyss_entry,
          rand_demon_pan_entry_3, serial_shops, shop_fountains
Depths:4: thingy_vault, layout_gridlike, serial_shops, shop,
          minmay_misc_feat_rugged, hell_entry,
          nicolae_abyss_entry_one_way_or_another
Depths:5: evilmike_zot_entry_castle, layout_basic, minmay_room_of_horrors,
          chequers_serial_rivers_small_3, hell_entry
Hell
Zot:1:    layout_basic, grunt_megastairs_1
Zot:2:    layout_concentric_octagons, grunt_ministairs_7, lemuel_lich_library
Zot:3:    layout_cathedral_of_symmetry
Zot:4:    layout_misc_corridors
Zot:5:    layout_misc_corridors, gammafunk_ghost_arena, nicolae_lava_and_water

Skill      XL: |  1  2  3  4  5  6  7  8  9 10 11 12 13 14 15 16 17 18 19 20 21 22 23 24 25 |
---------------+----------------------------------------------------------------------------+-----
Fighting       | 4 5 6 7 8 9 10 11 12 14 15 16 17 18 19 20 | 20.1
Stealth        | 2 3 4 5 6 7 8 9 10 11 | 11.1
Dodging        | 3 4 5 6 7 8 9 10 11 12 | 12.5
Axes           | 5 6 7 8 10 11 13 14 16 | 16.0
Throwing       | 1 2 3 4 5 6 7 8 9 10 11 | 11.1
Short Blades   | 1 2 3 4 5 7 9 |  9.3
Armour         | 1 3 4 5 6 7 8 9 10 11 12 | 12.0
Evocations     | 1 2 3 4 5 6 7 8 9 10 11 | 11.0
Shields        | 1 3 4 5 7 9 11 13 15 | 15.0
Invocations    | 1 3 4 5 6 8 9 10 11 12 13 14 | 14.2
Spellcasting   | 1 2 3 4 5 6 7 8 |  8.3
Summonings     | 2 3 4 5 6 7 |  7.2
Fire Magic     | 2 3 4 6 8 9 11 12 13 14 15 | 15.1
Conjurations   | 2 3 4 5 6 7 |  7.1
Translocations | 1 3 5 6 |  6.4
Long Blades    | 1 3 4 6 7 8 9 10 12 | 12.7
Earth Magic    | 2 3 5 |  5.0
Necromancy     | 1 3 5 |  5.2
Charms         | 2 4 5 6 |  6.6
Hexes          | 3 5 6 |  6.1
Polearms       | |  0.1
Staves         | |  0.2
Ice Magic      | |  0.8

Action                   |  1- 3 |  4- 6 |  7- 9 | 10-12 | 13-15 | 16-18 | 19-21 | 22-24 | 25-27 || total
-------------------------+-------+-------+-------+-------+-------+-------+-------+-------+-------++-------
Melee: Hand axe          |    78 |   167 |   605 |    87 |       |       |    19 |    20 |       ||   976
       Short sword       |    15 |    17 |       |       |       |       |       |       |       ||    32
       War axe           |       |       |       |   793 |  1579 |  1652 |  1059 |  1628 |   170 ||  6881
       Rapier            |       |       |       |       |    13 |   234 |  1470 |   935 |    67 ||  2719
       Flail             |       |       |       |       |     7 |       |       |       |       ||     7
       Staff             |       |       |       |       |       |    45 |       |       |       ||    45
       Demon trident     |       |       |       |       |       |     2 |       |       |       ||     2
       Long sword        |       |       |       |       |       |    34 |   117 |   663 |   752 ||  1566
Throw: Boomerang         |       |       |    24 |    29 |    81 |   265 |    43 |    27 |       ||   469
       Javelin           |       |       |       |    33 |    29 |    58 |    47 |    56 |    13 ||   236
       Dart              |       |       |       |       |       |     7 |       |    15 |    10 ||    32
 Cast: Call Imp          |       |       |       |       |     5 |    24 |    26 |    17 |     9 ||    81
       Blink             |       |       |       |       |       |     3 |       |       |       ||     3
       Conjure Flame     |       |       |       |       |       |     1 |     1 |     2 |       ||     4
       Shroud of Golubri |       |       |       |       |       |       |     2 |    27 |    35 ||    64
       Spectral Weapon   |       |       |       |       |       |       |       |    22 |     1 ||    23
       Fireball          |       |       |       |       |       |       |       |     2 |       ||     2
       Infusion          |       |       |       |       |       |       |       |    17 |    43 ||    60
       Summon Butterflie |       |       |       |       |       |       |       |     1 |     4 ||     5
       Apportation       |       |       |       |       |       |       |       |     1 |       ||     1
       Animate Skeleton  |       |       |       |       |       |       |       |       |     7 ||     7
Invok: Heroism           |       |       |    12 |    32 |    34 |    43 |    58 |    42 |    14 ||   235
       Finesse           |       |       |       |       |     1 |     1 |     5 |       |       ||     7
Evoke: Wand              |       |       |     4 |     6 |     1 |    11 |     9 |     5 |     1 ||    37
       Box of beasts     |       |       |       |       |       |       |     1 |       |       ||     1
       Horn of Geryon    |       |       |       |       |       |       |       |     1 |       ||     1
  Use: Scroll            |     8 |     2 |     7 |    26 |    12 |    22 |     5 |    25 |    16 ||   123
       Potion            |       |     1 |     4 |     1 |     4 |    10 |     9 |     9 |    11 ||    49
 Stab: Sleeping          |       |       |       |    12 |     6 |    26 |    19 |    15 |    11 ||    89
       Distracted        |       |       |       |       |     2 |     2 |    11 |    17 |     4 ||    36
       Confused          |       |       |       |       |     1 |       |       |       |       ||     1
       Invisible         |       |       |       |       |       |     3 |       |     5 |       ||     8
       Held in net/web   |       |       |       |       |       |     1 |       |       |       ||     1
       Paralysed         |       |       |       |       |       |       |       |     3 |       ||     3
  Eat: Ration            |     1 |       |     3 |     5 |     5 |    16 |    12 |    18 |     5 ||    65
       Chunk             |       |     6 |    11 |    12 |    25 |    12 |    17 |    12 |     8 ||   103
Armor: Robe              |    27 |       |       |       |       |       |       |       |       ||    27
       Ring mail         |     1 |    58 |    17 |       |       |       |       |       |       ||    76
       Skin              |       |    25 |       |     1 |       |       |       |       |       ||    26
       Scale mail        |       |       |    86 |       |       |       |       |       |       ||    86
       Steam dragon scal |       |       |    70 |   252 |    73 |       |       |       |       ||   395
       Chain mail        |       |       |       |       |    89 |       |       |       |       ||    89
       Quicksilver drago |       |       |       |       |   250 |   940 |   564 |   770 |   162 ||  2686
Dodge: Dodged            |    81 |    83 |   294 |   513 |   706 |  1394 |  1034 |  1521 |   484 ||  6110
Block: Buckler           |       |       |   102 |   266 |   381 |  1052 |       |       |       ||  1801
       Reflection        |       |       |       |       |       |    17 |    72 |    39 |    12 ||   140
       Kite shield       |       |       |       |       |       |   126 |  1738 |  2601 |   789 ||  5254
       Rpst.: Long sword |       |       |       |       |       |     5 |    14 |    48 |    74 ||   141
